TOP OF THE 1ST |
Greenville 84s batting - Pitching for Springfield Stars : RHP Kyu-pyeong Pak
|
Pitching: RHP Kyu-pyeong Pak
|
|
Batting: LHB Paco Rosas
|
0-0: Called Strike 0-1: Swinging Strike 0-2: Ball 1-2: Ball 2-2: Ball 3-2: Base on Balls
|
Batting: LHB Chris Moore
|
0-0: Called Strike 0-1: Ball 1-1: Foul Ball, location: 2F 1-2: Ball 2-2: Foul Ball, location: 2F 2-2: Ball 3-2: Base on Balls Paco Rosas to second
|
Batting: RHB Enzo Díaz
|
0-0: Foul Ball, location: 2F 0-1: Ball 1-1: Fly out, F9 (Line Drive, 9S)
|
Batting: LHB Brock Larsen
|
0-0: Called Strike 0-1: Fly out, F7 (Flyball, 7S)
|
Batting: RHB Vic Langlois
|
0-0: Called Strike 0-1: Swinging Strike 0-2: Ball 1-2: Ball 2-2: Strikes out swinging
|
Top of the 1st over - 0 run(s), 0 hit(s), 0 error(s), 2 left on base; Greenville 0 - Springfield 0 |
BOTTOM OF THE 1ST |
Springfield Stars batting - Pitching for Greenville 84s : RHP Andrés Vázquez
|
Pitching: RHP Andrés Vázquez
|
|
Batting: SHB Shane Hutchinson
|
0-0: Reached on error, E3 (Groundball, 34)
|
Batting: RHB Calvin Bennett
|
0-0: Ball 1-0: DOUBLE (Flyball, 78D) Shane Hutchinson to third
|
Batting: RHB Norberto Taváres
|
0-0: Foul Ball, location: 2F 0-1: Foul Ball, location: 2F 0-2: Ball 1-2: Ball 2-2: Foul Ball, location: 2F 2-2: Foul Ball, location: 2F 2-2: Foul Ball, location: 2F 2-2: Ball 3-2: Fly out, F9 (Flyball, 89M) Runner from 3rd tags up, SCORES, no throw
|
Batting: LHB Felipe Guerrero
|
0-0: Foul Ball, location: 2F 0-1: Foul Ball, location: 2F 0-2: Ball 1-2: SINGLE (Popup, 6MD) Calvin Bennett to third Runner from 3rd tries for Home, SAFE, no throw
|
Batting: LHB Elliott Newell
|
0-0: Swinging Strike 0-1: Called Strike 0-2: Strikes out swinging
|
Batting: LHB Ryan Drake
|
0-0: Called Strike Felipe Guerrero steals 2nd base 0-1: Swinging Strike 0-2: Strikes out swinging
|
Bottom of the 1st over - 2 run(s), 2 hit(s), 1 error(s), 1 left on base; Greenville 0 - Springfield 2 |
TOP OF THE 2ND |
Greenville 84s batting - Pitching for Springfield Stars : RHP Kyu-pyeong Pak
|
Batting: LHB Jimmy Vickers
|
0-0: Swinging Strike 0-1: Swinging Strike 0-2: Foul Ball, location: 2F 0-2: Strikes out looking
|
Batting: LHB Robert Moore
|
0-0: Ball 1-0: Ball 2-0: Called Strike 2-1: Ground out 4-3 (Groundball, 4)
|
Batting: LHB José Costa
|
0-0: Ball 1-0: Foul Ball, location: 2F 1-1: Fly out, F7 (Flyball, 78M)
|
Top of the 2nd over - 0 run(s), 0 hit(s), 0 error(s), 0 left on base; Greenville 0 - Springfield 2 |
BOTTOM OF THE 2ND |
Springfield Stars batting - Pitching for Greenville 84s : RHP Andrés Vázquez
|
Batting: LHB Jesús Tobías
|
0-0: Ball 1-0: Foul Ball, location: 2F 1-1: Ball 2-1: DOUBLE (Line Drive, 9LD)
|
Batting: RHB Juan Carlos Rodríguez
|
0-0: Ball 1-0: Called Strike 1-1: Ball 2-1: SINGLE (Line Drive, 4MD) Jesús Tobías to third
|
Batting: RHB Will Sterling
|
0-0: Ball 1-0: Foul Ball, location: 2F 1-1: Swinging Strike 1-2: Foul Ball, location: 2F 1-2: Foul Ball, location: 2F 1-2: Grounds into double play, 6-4-3 (Groundball, 56) Jesús Tobías scores
|
Batting: SHB Shane Hutchinson
|
0-0: Ball 1-0: Called Strike 1-1: Foul Ball, location: 2F 1-2: Ball 2-2: Ball 3-2: Foul Ball, location: 2F 3-2: Strikes out looking
|
Bottom of the 2nd over - 1 run(s), 2 hit(s), 0 error(s), 0 left on base; Greenville 0 - Springfield 3 |
TOP OF THE 3RD |
Greenville 84s batting - Pitching for Springfield Stars : RHP Kyu-pyeong Pak
|
Batting: RHB Patrick Potts
|
0-0: Called Strike 0-1: Swinging Strike 0-2: Ball 1-2: Hit by Pitch
|
Batting: LHB Paco Rosas
|
0-0: Fly out, F7 (Line Drive, 7)
|
Batting: LHB Chris Moore
|
0-0: Foul Ball, location: 2F 0-1: Ball 1-1: Ball 2-1: Fly out, F7 (Flyball, 7D)
|
Batting: RHB Enzo Díaz
|
0-0: Called Strike Patrick Potts is caught stealing 2nd base
|
Top of the 3rd over - 0 run(s), 0 hit(s), 0 error(s), 0 left on base; Greenville 0 - Springfield 3 |
BOTTOM OF THE 3RD |
Springfield Stars batting - Pitching for Greenville 84s : RHP Andrés Vázquez
|
Batting: RHB Calvin Bennett
|
0-0: Foul Ball, location: 2F 0-1: Called Strike 0-2: Ball 1-2: Ground out 6-3 (Groundball, 6)
|
Batting: RHB Norberto Taváres
|
0-0: Called Strike 0-1: Foul Ball, location: 2F 0-2: Ball 1-2: Foul Ball, location: 2F 1-2: Ball 2-2: Ball 3-2: Ground out 6-3 (Groundball, 6M)
|
Batting: LHB Felipe Guerrero
|
0-0: Ball 1-0: SINGLE (Flyball, 7S)
|
Batting: LHB Elliott Newell
|
0-0: Called Strike 0-1: Ball 1-1: Ball 2-1: SINGLE (Groundball, 4MD) Felipe Guerrero to second
|
Batting: LHB Ryan Drake
|
0-0: Swinging Strike 0-1: Swinging Strike 0-2: Ground out 4-3 (Groundball, 4)
|
Bottom of the 3rd over - 0 run(s), 2 hit(s), 0 error(s), 2 left on base; Greenville 0 - Springfield 3 |
TOP OF THE 4TH |
Greenville 84s batting - Pitching for Springfield Stars : RHP Kyu-pyeong Pak
|
Batting: RHB Enzo Díaz
|
0-0: Ground out 4-3 (Groundball, 4M)
|
Batting: LHB Brock Larsen
|
0-0: Called Strike 0-1: Foul Ball, location: 2F 0-2: Ball 1-2: Strikes out swinging
|
Batting: RHB Vic Langlois
|
0-0: Ball 1-0: Ground out U3 (Groundball, 3)
|
Top of the 4th over - 0 run(s), 0 hit(s), 0 error(s), 0 left on base; Greenville 0 - Springfield 3 |
BOTTOM OF THE 4TH |
Springfield Stars batting - Pitching for Greenville 84s : RHP Andrés Vázquez
|
Batting: LHB Jesús Tobías
|
0-0: Called Strike 0-1: Ball 1-1: Swinging Strike 1-2: DOUBLE (Line Drive, 9LM)
|
Batting: RHB Juan Carlos Rodríguez
|
0-0: Ball 1-0: Called Strike 1-1: Swinging Strike 1-2: SINGLE (Groundball, 6MD) Jesús Tobías to third Runner from 3rd tries for Home, SAFE, no throw
|
Batting: RHB Will Sterling
|
0-0: Ball 1-0: Called Strike 1-1: SINGLE (Groundball, 4MD) Juan Carlos Rodríguez to second
|
Batting: SHB Shane Hutchinson
|
0-0: Ground out 3-1 (Groundball, 34S) Juan Carlos Rodríguez to third Will Sterling to second
|
Batting: RHB Calvin Bennett
|
0-0: Called Strike 0-1: Ground out 5-3 (Groundball, 56S) Juan Carlos Rodríguez scores Will Sterling to third
|
Batting: RHB Norberto Taváres
|
0-0: Ball 1-0: Ball 2-0: Foul Ball, location: 2F 2-1: Called Strike 2-2: Ball 3-2: Ground out 6-3 (Groundball, 56)
|
Bottom of the 4th over - 2 run(s), 3 hit(s), 0 error(s), 1 left on base; Greenville 0 - Springfield 5 |
TOP OF THE 5TH |
Greenville 84s batting - Pitching for Springfield Stars : RHP Kyu-pyeong Pak
|
Batting: LHB Jimmy Vickers
|
0-0: SINGLE (Flyball, 6MD)
|
Batting: LHB Robert Moore
|
0-0: Ground out 2-3 (Groundball, 15S) Jimmy Vickers to second
|
Batting: LHB José Costa
|
0-0: Ball 1-0: Foul Ball, location: 2F 1-1: SINGLE (Groundball, 56D) Jimmy Vickers to third
|
Batting: RHB Patrick Potts
|
0-0: Ball 1-0: Called Strike 1-1: Ball José Costa steals 2nd base 2-1: Swinging Strike 2-2: Strikes out swinging
|
Batting: LHB Paco Rosas
|
0-0: Ball 1-0: Called Strike 1-1: Called Strike 1-2: Ball 2-2: Ground out 4-3 (Groundball, 4S)
|
Top of the 5th over - 0 run(s), 2 hit(s), 0 error(s), 2 left on base; Greenville 0 - Springfield 5 |
BOTTOM OF THE 5TH |
Springfield Stars batting - Pitching for Greenville 84s : RHP Andrés Vázquez
|
Batting: LHB Felipe Guerrero
|
0-0: Foul Ball, location: 2F 0-1: DOUBLE (Line Drive, 78D)
|
Pitching: RHP Sancho Mendoza
|
|
Batting: LHB Elliott Newell
|
0-0: SINGLE (Flyball, 8LS) Felipe Guerrero to third
|
Batting: LHB Ryan Drake
|
0-0: Ball 1-0: Called Strike 1-1: Swinging Strike 1-2: Ball 2-2: Ball 3-2: Foul Ball, location: 2F 3-2: Ground out 1-3 (Groundball, 13S) Elliott Newell to second
|
Batting: LHB Jesús Tobías
|
0-0: Foul Ball, location: 2F 0-1: Swinging Strike 0-2: Ground out 4-3 (Groundball, 4D) Felipe Guerrero scores Elliott Newell to third
|
Batting: RHB Juan Carlos Rodríguez
|
0-0: Called Strike 0-1: Ground out 1-3 (Groundball, P)
|
Bottom of the 5th over - 1 run(s), 2 hit(s), 0 error(s), 1 left on base; Greenville 0 - Springfield 6 |
TOP OF THE 6TH |
Greenville 84s batting - Pitching for Springfield Stars : RHP Kyu-pyeong Pak
|
Batting: LHB Chris Moore
|
0-0: Ball 1-0: Swinging Strike 1-1: SINGLE (Groundball, 5D)
|
Batting: RHB Enzo Díaz
|
0-0: Foul Ball, location: 2F 0-1: Foul Ball, location: 2F 0-2: TRIPLE (Line Drive, 9LS) Chris Moore scores
|
Batting: LHB Brock Larsen
|
0-0: Ball 1-0: Called Strike 1-1: Foul Ball, location: 2F 1-2: SINGLE (Line Drive, 8RS) Enzo Díaz scores
|
Batting: RHB Vic Langlois
|
0-0: Called Strike 0-1: Ball Throwing error on steal attempt, E2 Brock Larsen to third 1-1: Ball 2-1: Ground out 4-3 (Groundball, 4) Brock Larsen scores
|
Batting: LHB Jimmy Vickers
|
0-0: Called Strike 0-1: Fly out, F4 (Popup, 34)
|
Batting: LHB Robert Moore
|
0-0: Ball 1-0: Ball 2-0: Swinging Strike 2-1: Fly out, F7 (Flyball, 7)
|
Top of the 6th over - 3 run(s), 3 hit(s), 1 error(s), 0 left on base; Greenville 3 - Springfield 6 |
BOTTOM OF THE 6TH |
Springfield Stars batting - Pitching for Greenville 84s : RHP Sancho Mendoza
|
Batting: RHB Will Sterling
|
0-0: Called Strike 0-1: Ball 1-1: Ball 2-1: Foul Ball, location: 2F 2-2: Strikes out swinging
|
Batting: SHB Shane Hutchinson
|
0-0: Ball 1-0: Foul Ball, location: 2F 1-1: Foul Ball, location: 2F 1-2: Ball 2-2: Ball 3-2: Base on Balls
|
Batting: RHB Calvin Bennett
|
0-0: Grounds into double play, 5-4-3 (Groundball, 5L)
|
Bottom of the 6th over - 0 run(s), 0 hit(s), 0 error(s), 0 left on base; Greenville 3 - Springfield 6 |
TOP OF THE 7TH |
Greenville 84s batting - Pitching for Springfield Stars : RHP Kyu-pyeong Pak
|
Batting: LHB José Costa
|
0-0: Foul Ball, location: 2F 0-1: Ball 1-1: Ball 2-1: Ground out U3 (Groundball, 34)
|
Batting: RHB Patrick Potts
|
0-0: Swinging Strike 0-1: Ball 1-1: Ball 2-1: Swinging Strike 2-2: Ball 3-2: Foul Ball, location: 2F 3-2: Foul Ball, location: 2F 3-2: Foul Ball, location: 2F 3-2: Strikes out swinging
|
Batting: LHB Paco Rosas
|
0-0: Ball 1-0: Ball 2-0: Ball 3-0: Base on Balls
|
Pitching: LHP Jeremy Meyer
|
|
Batting: LHB Chris Moore
|
0-0: Ball 1-0: Ball 2-0: Ball 3-0: Base on Balls Paco Rosas to second
|
Batting: RHB Enzo Díaz
|
0-0: Ball 1-0: Ball 2-0: Ball 3-0: Called Strike 3-1: Swinging Strike 3-2: SINGLE (Line Drive, 9LS) Paco Rosas to third Chris Moore to second Paco Rosas scores Chris Moore to third
|
Pitching: LHP Shan Liu
|
|
Pinch Hitting: RHB Carlos Torres
|
0-0: Ball 1-0: Fielders Choice at 2nd, 4-6 (Groundball, 4)
|
Top of the 7th over - 1 run(s), 1 hit(s), 0 error(s), 1 left on base; Greenville 4 - Springfield 6 |
BOTTOM OF THE 7TH |
Springfield Stars batting - Pitching for Greenville 84s : RHP Sancho Mendoza
|
Now at 2B: Jorge Cisneros
|
|
Batting: RHB Norberto Taváres
|
0-0: Swinging Strike 0-1: DOUBLE (Flyball, 89D)
|
Batting: LHB Felipe Guerrero
|
0-0: Called Strike 0-1: Called Strike 0-2: Ball 1-2: Foul Ball, location: 2F 1-2: Foul Ball, location: 2F 1-2: Fly out, F8 (Flyball, 8RS)
|
Batting: LHB Elliott Newell
|
0-0: Intentional Walk
|
Batting: LHB Ryan Drake
|
0-0: Ball 1-0: Foul Ball, location: 2F 1-1: Ball 2-1: DOUBLE (Line Drive, 9LM) Norberto Taváres scores Elliott Newell to third
|
Batting: LHB Jesús Tobías
|
0-0: Intentional Walk
|
Batting: RHB Juan Carlos Rodríguez
|
0-0: Fly out, F9 (Flyball, 9LS) Runner from 3rd tags up, SCORES, no throw
|
Pitching: RHP Ricardo Trujillo
|
|
Batting: RHB Will Sterling
|
0-0: Swinging Strike 0-1: Ball 1-1: Ball 2-1: Ball 3-1: Called Strike 3-2: Foul Ball, location: 2F 3-2: 3-RUN HOME RUN (Flyball, 9D), Distance : 395 ft
|
Batting: SHB Shane Hutchinson
|
0-0: Ball 1-0: Ball 2-0: Ball 3-0: Base on Balls
|
Batting: RHB Calvin Bennett
|
0-0: Called Strike Shane Hutchinson steals 2nd base 0-1: Ball 1-1: Swinging Strike 1-2: Fly out, F9 (Flyball, 9LSF)
|
Bottom of the 7th over - 5 run(s), 3 hit(s), 0 error(s), 1 left on base; Greenville 4 - Springfield 11 |
TOP OF THE 8TH |
Greenville 84s batting - Pitching for Springfield Stars : LHP Shan Liu
|
Now at 2B: Dave Henderson
|
|
Batting: RHB Vic Langlois
|
0-0: Ball 1-0: Swinging Strike 1-1: Swinging Strike 1-2: Ball 2-2: Ground out 5-3 (Groundball, 5S)
|
Batting: LHB Jimmy Vickers
|
0-0: Called Strike 0-1: Called Strike 0-2: Ball 1-2: Foul Ball, location: 2F 1-2: Ball 2-2: Ball 3-2: Ground out 6-3 (Groundball, 6)
|
Batting: LHB Robert Moore
|
0-0: Called Strike 0-1: Foul Ball, location: 2F 0-2: Foul Ball, location: 2F 0-2: Ball 1-2: Fly out, F7 (Flyball, 7)
|
Top of the 8th over - 0 run(s), 0 hit(s), 0 error(s), 0 left on base; Greenville 4 - Springfield 11 |
BOTTOM OF THE 8TH |
Springfield Stars batting - Pitching for Greenville 84s : RHP Ricardo Trujillo
|
Batting: RHB Norberto Taváres
|
0-0: Ball 1-0: Called Strike 1-1: Ball 2-1: Ball 3-1: Base on Balls
|
Batting: LHB Felipe Guerrero
|
0-0: Ball 1-0: Ball 2-0: Called Strike 2-1: Ball 3-1: Called Strike 3-2: Base on Balls Norberto Taváres to second
|
Batting: LHB Elliott Newell
|
0-0: Ball 1-0: Ball 2-0: SINGLE (Line Drive, 89S) Norberto Taváres to third Felipe Guerrero to second
|
Batting: LHB Ryan Drake
|
0-0: Ball 1-0: Called Strike 1-1: Ball 2-1: SINGLE (Line Drive, 8RS) Norberto Taváres scores Felipe Guerrero to third Elliott Newell to second
|
Batting: LHB Jesús Tobías
|
0-0: Called Strike 0-1: Called Strike 0-2: Ball 1-2: Fly out, F9 (Flyball, 89M)
|
Batting: RHB Dave Henderson
|
0-0: Ball 1-0: Ball 2-0: SINGLE (Flyball, 89S) Felipe Guerrero scores Elliott Newell to third Ryan Drake to second Runner from 3rd tries for Home, SAFE, throw made at trailing runner, SAFE at third!
|
Pitching: RHP Dave Smith
|
|
Batting: RHB Will Sterling
|
0-0: Grounds into double play, 1-6-3 (Groundball, 13S)
|
Bottom of the 8th over - 3 run(s), 3 hit(s), 0 error(s), 1 left on base; Greenville 4 - Springfield 14 |
TOP OF THE 9TH |
Greenville 84s batting - Pitching for Springfield Stars : LHP Shan Liu
|
Pitching: RHP Luis Cortéz
|
|
Batting: LHB José Costa
|
0-0: Foul Ball, location: 2F 0-1: Ball 1-1: Swinging Strike 1-2: Foul Ball, location: 2F 1-2: Strikes out swinging
|
Batting: RHB Patrick Potts
|
0-0: Foul Ball, location: 2F 0-1: Called Strike 0-2: Foul Ball, location: 2F 0-2: Ball 1-2: Ground out 6-3 (Groundball, 6MD)
|
Batting: LHB Paco Rosas
|
0-0: Ball 1-0: Foul Ball, location: 2F 1-1: Ball 2-1: Ball 3-1: Swinging Strike 3-2: SOLO HOME RUN (Flyball, 7D), Distance : 374 ft
|
Batting: LHB Chris Moore
|
0-0: Ball 1-0: Foul Ball, location: 2F 1-1: Foul Ball, location: 2F 1-2: Strikes out swinging
|
Top of the 9th over - 1 run(s), 1 hit(s), 0 error(s), 0 left on base; Greenville 5 - Springfield 14 |
|